Map: [ESL] Tropical Sacrifice

Players

HeroMarine - Winner!

  • Race: Terran Terran
  • Spawn Location: 7:00

MaNa

  • Race: Protoss Protoss
  • Spawn Location: 1:00

Event: DreamHack SC2 Masters 2022 Atlanta (Online)

VOD

Have the link to the VOD?

Description

Time

  • Played on: Sept. 29, 2022, 1:32 p.m.
  • Length: 10:42

All games in this series

Show
View Real Time Build Order
Export as new Build Order

HeroMarine Terran - Winner!

Build Orders:  

Get SALT Encoding   

  12  0:00  SCV  
  13  0:12  SCV  
  14  0:17  Supply Depot  
  14  0:24  SCV  
  15  0:39  SCV  
  15  0:42  Barracks  
  16  0:44  Refinery  
  16  0:51  SCV  
  16  0:54  Refinery  
  17  1:03  SCV  
  18  1:15  SCV  
  19  1:28  Reaper  
  19  1:29  Orbital Command  
  19  1:32  Supply Depot  
  20  1:44  Factory  
  20  1:54  SCV  
  20  2:00  Reaper  
  22  2:06  SCV  
  23  2:17  Command Center  
  23  2:20  SCV  
  24  2:27  Hellion  
  26  2:32  SCV  
  26  2:33  Barracks Reactor  
  27  2:44  SCV  
  28  2:47  Starport  
  28  2:49  Widow Mine  
  30  2:59  SCV  
  30  3:00  Supply Depot  
  31  3:20  Marine  
  31  3:22  SCV, Marine  
  35  3:30  Viking  
  35  3:31  Factory Tech Lab  
  35  3:32  Orbital Command  
  33  3:34  SCV  
  33  3:37  Marine  
  33  3:39  Marine  
  35  3:46  SCV  
  36  3:49  Cyclone  
  39  3:55  Marine  
  39  3:57  Supply Depot, SCV, Marine  
  39  3:58  SCV  
  39  4:01  Medivac  
  45  4:09  SCV  
  46  4:10  SCV  
  46  4:13  Marine  
  46  4:15  Marine  
  48  4:21  SCV  
  48  4:22  SCV  
  48  4:23  Cyclone  
  50  4:31  Marine  
  50  4:33  SCV, Marine  
  50  4:34  Liberator  
  50  4:37  Supply Depot  
  56  4:41  SCV  
  57  4:45  SCV  
  57  4:49  Marine  
  57  4:51  Marine  
  59  4:53  SCV  
  59  4:55  Cyclone  
  59  4:58  SCV  
  61  5:04  Supply Depot  
  61  5:05  SCV  
  61  5:07  Marine  
  62  5:08  Marine  
  62  5:10  SCV  
  65  5:17  Viking, SCV  
  65  5:19  Barracks  
  68  5:22  SCV  
  68  5:24  Marine  
  68  5:26  Marine  
  68  5:27  Cyclone  
  74  5:29  SCV  
  74  5:34  SCV  
  76  5:41  SCV  
  76  5:42  Marine  
  74  5:44  Marine  
  74  5:46  SCV  
  70  5:53  Command Center, SCV  
  70  5:54  Refinery  
  70  5:56  Starport Tech Lab  
  69  5:58  SCV  
  69  5:59  Siege Tank  
  69  6:00  Marine  
  69  6:02  Marine  
  69  6:03  Engineering Bay  
  75  6:08  Barracks  
  75  6:09  Supply Depot x2  
  75  6:12  SCV  
  75  6:13  SCV  
  75  6:18  Marine  
  78  6:20  Marine  
  78  6:26  Stimpack  
  78  6:31  SCV x2, Starport Reactor, Terran Infantry Weapons Level 1, Marine  
  78  6:32  Supply Depot  
  81  6:33  Supply Depot  
  81  6:36  Marine  
  81  6:37  Marine  
  83  6:43  SCV x2  
  83  6:45  Factory Reactor  
  77  6:50  Marine  
  68  6:54  Marine  
  68  6:55  SCV x2, Marine  
  72  7:04  Supply Depot  
  72  7:07  SCV x2  
  73  7:08  Orbital Command  
  73  7:12  Marine x2  
  75  7:17  Combat Shield  
  75  7:18  Medivac  
  77  7:24  Barracks  
  77  7:25  Barracks, Marine  
  77  7:27  Marine, Orbital Command  
  77  7:28  Refinery  
  77  7:29  Widow Mine x2  
  83  7:34  SCV  
  86  7:40  Marauder x2  
  86  7:42  SCV  
  86  7:43  Marine  
  90  7:45  Marine  
  90  7:46  SCV  
  90  7:48  Supply Depot, Armory  
  90  7:51  Widow Mine x2  
  96  7:55  Missile Turret  
  96  7:56  SCV x2  
  97  8:01  Marine  
  97  8:02  Marauder x2  
  97  8:03  Marine  
  103  8:06  SCV  
  103  8:08  SCV  
  103  8:11  Medivac x2  
  103  8:12  Barracks Tech Lab  
  109  8:14  SCV  
  109  8:15  Barracks Tech Lab  
  109  8:18  SCV, Marine  
  110  8:20  SCV  
  110  8:21  Marine  
  110  8:22  Missile Turret  
  110  8:27  SCV, Marauder  
  115  8:28  Supply Depot  
  115  8:29  Marauder  
  115  8:30  SCV  
  115  8:31  Concussive Shells  
  115  8:32  SCV  
  119  8:36  Missile Turret  
  119  8:37  Marine  
  119  8:38  Supply Depot  
  119  8:40  Widow Mine  
  124  8:41  Widow Mine  
  124  8:43  Terran Infantry Armor Level 1  
  124  8:46  Engineering Bay  
  124  8:47  SCV  
  124  8:48  Barracks Reactor  
  127  8:56  Marauder x2  
  127  8:57  Refinery, Marine x2  
  127  8:58  Refinery  
  127  8:59  Marauder  
  127  9:01  SCV  
  127  9:02  SCV  
  135  9:03  Bunker  
  135  9:14  Widow Mine  
  135  9:15  Widow Mine, Marine x2  
  143  9:17  Marauder x2  
  143  9:20  Marauder  
  147  9:26  Marine x2  
  149  9:32  Marine x2  
  153  9:38  Marauder  
  153  9:39  Command Center, Marauder  
  153  9:42  Marauder  
  153  9:43  Starport  
  153  9:44  Marine x2  
  159  9:49  Medivac x2  
  163  9:55  Marine x2  
  165  10:00  Marauder  
  165  10:01  SCV  
  165  10:02  SCV, Marauder, Marine  
  165  10:04  SCV, Marine  
  165  10:10  Marauder  
  165  10:17  Marine x2  
  165  10:24  Supply Depot  
  165  10:25  Supply Depot  
  169  10:30  Ghost Academy  
Show
View Real Time Build Order
Export as new Build Order

MaNa Protoss 

Build Orders: 1 Gate Expand, Oracle Opening 

Get SALT Encoding   

  12  0:00  Probe  
  13  0:12  Probe  
  14  0:17  Pylon  
  14  0:25  Probe (Chrono Boost)  
  15  0:37  Probe (Chrono Boost), Gateway  
  16  0:45  Probe (Chrono Boost)  
  16  0:46  Assimilator  
  17  0:51  Probe  
  18  1:03  Probe  
  19  1:15  Probe  
  20  1:24  Cybernetics Core  
  20  1:35  Nexus  
  20  1:40  Pylon  
  20  1:43  Probe  
  21  1:48  Assimilator  
  21  1:55  Probe  
  21  1:58  Adept (Chrono Boost)  
  24  2:07  Probe  
  25  2:13  Stargate  
  24  2:19  Probe  
  25  2:26  Warp Gate  
  25  2:30  Stalker (Chrono Boost)  
  25  2:31  Probe  
  28  2:43  Probe  
  29  2:46  Probe  
  30  2:55  Probe  
  30  2:57  Oracle (Chrono Boost)  
  31  2:59  Probe  
  31  3:03  Shield Battery  
  35  3:08  Probe  
  35  3:09  Adept  
  35  3:11  Probe  
  35  3:27  Probe x2 (Chrono Boost)  
  35  3:33  Oracle  
  40  3:39  Probe (Chrono Boost)  
  42  3:42  Pylon  
  42  3:45  Probe (Chrono Boost)  
  42  3:49  Gateway, Probe (Chrono Boost)  
  42  3:52  Probe (Chrono Boost)  
  44  3:59  Pylon  
  44  4:04  Twilight Council  
  44  4:06  Probe  
  44  4:07  Probe  
  46  4:22  Probe  
  47  4:29  Stalker  
  47  4:33  Probe  
  47  4:34  Probe  
  47  4:37  Charge (Chrono Boost)  
  47  4:38  Gateway  
  49  4:39  Gateway  
  49  4:45  Probe, Stalker  
  51  4:46  Probe  
  51  4:50  Pylon  
  53  4:58  Probe  
  48  5:00  Phoenix, Zealot  
  48  5:03  Probe  
  53  5:08  Zealot  
  53  5:10  Shield Battery, Probe  
  56  5:23  Zealot  
  56  5:26  Probe x2  
  60  5:33  Pylon  
  59  5:39  Stalker  
  59  5:40  Zealot x2  
  57  5:50  Phoenix  
  57  5:55  Gateway  
  59  6:00  Zealot  
  59  6:01  Zealot x2  
  59  6:03  Zealot  
  67  6:08  Nexus  
  67  6:21  Phoenix  
  67  6:23  Zealot x4  
  75  6:27  Probe x2  
  77  6:33  Pylon  
  77  6:39  Probe  
  78  6:41  Robotics Facility  
  69  6:47  Zealot x4, Probe  
  69  6:51  Probe  
  62  6:58  Zealot  
  62  6:59  Phoenix, Probe  
  63  7:03  Probe  
  64  7:08  Zealot x3  
  64  7:10  Zealot  
  64  7:12  Probe  
  73  7:19  Probe  
  73  7:22  Probe  
  75  7:24  Probe  
  75  7:26  Assimilator  
  75  7:27  Assimilator  
  76  7:30  Robotics Bay  
  76  7:31  Probe  
  76  7:34  Robotics Facility  
  76  7:36  Probe x2  
  79  7:43  Phoenix  
  81  7:45  Probe  
  81  7:46  Pylon  
  81  7:48  Probe  
  81  7:50  Forge  
  83  7:58  Probe  
  84  8:05  Probe x2  
  86  8:09  Stalker x2  
  86  8:12  Probe  
  89  8:14  Colossus (Chrono Boost)  
  95  8:20  Zealot x2  
  95  8:23  Shield Battery  
  99  8:27  Protoss Ground Weapons Level 1 (Chrono Boost), Photon Cannon  
  99  8:33  Pylon  
  99  8:34  Pylon x2  
  99  8:36  Sentry  
  101  8:43  Photon Cannon  
  101  8:45  Assimilator  
  101  8:46  Assimilator  
  101  8:50  Colossus (Chrono Boost)  
  101  8:51  Probe x3  
  110  8:58  Pylon  
  110  9:03  Probe x3  
  110  9:06  Colossus (Chrono Boost)  
  110  9:09  Gateway  
  119  9:12  Gateway  
  119  9:20  Pylon  
  119  9:22  Pylon  
  119  9:30  Phoenix  
  121  9:33  Pylon  
  121  9:41  Nexus, Immortal (Chrono Boost)  
  125  9:52  Observer (Chrono Boost)  
  124  9:54  Probe  
  120  10:01  Zealot x4  
  107  10:09  Probe x2  
  107  10:12  Zealot x2  
  110  10:24  Zealot x4  
  110  10:26  Probe x2  
Tags
 
Add a new tag
Caveats
  • Supply blocks, unpowered buildings, or Contaminate may cause inaccurate times.
  • Supply counts are checked every 10 seconds.